General information
			
			
        
        - name: BNet
 
        - type: Ladder team game (AT/RT)
 
        - host: Battle.net
 
        - saver: BEAR_AND
 
        
map: Slalom 
        - players: 8
 
        - length: 43:18
 
        - speed: Fast
 - version: 1.22 W3XP
 - replay type:  

 
» download(381 KB)
Players
        team 1 (loser) 
              
              
» 
DSTYMETCALF (
purple | 50 APM | 2138 actions | 43:02)
              
 7 Priestess of the Moon 
 3 Searing Arrows
 3 Trueshot Aura
 1 Starfall
 1 Archmage 
 1 Brilliance Aura
 
                » actions 
                
                | Assign group hotkey | 6 |  | 
| Basic commands | 2 |  | 
| Build / train | 68 |  | 
| Enter build submenu | 22 |  | 
| Enter hero's abilities submenu | 8 |  | 
| Remove unit from queue | 7 |  | 
| Right click | 1423 |  | 
| Select / deselect | 533 |  | 
| Select group hotkey | 6 |  | 
| Use ability | 63 |  | 
                2138 total
 » units 
                » upgrades
                
                | Reinforced Hides | 3 |  | 
| Corrosive Breath | 1 |  | 
| Strength of the Wild | 2 |  | 
| Nature's Blessing | 1 |  | 
| Well Spring | 1 |  | 
| Ultravision | 1 |  | 
                9 total
 » buildings
                
                | Tree of Ages | 1 |  | 
| Altar of Elders | 1 |  | 
| Moon Well | 7 |  | 
| Hunter's Hall | 1 |  | 
| Tree of Eternity | 1 |  | 
| Ancient of Wind | 1 |  | 
| Chimaera Roost | 4 |  | 
| Ancient Protector | 4 |  | 
| Tree of Life | 2 |  | 
                22 total
 » build order
                01:24 Tree of Ages
01:49 Altar of Elders
01:53 Moon Well
02:35 Hunter's Hall
04:01 Tree of Eternity
05:16 Ancient of Wind
05:19 Moon Well
05:23 Moon Well
05:36 Moon Well
08:06 Chimaera Roost
08:11 Chimaera Roost
08:58 Chimaera Roost
08:59 Chimaera Roost
09:09 Moon Well
09:10 Moon Well
09:12 Moon Well
11:30 Ancient Protector
11:35 Ancient Protector
11:58 Ancient Protector
12:08 Ancient Protector
13:05 Tree of Life
19:04 Tree of Life
» items
                
                | Healing Salve | 3 |  | 
| Potion of Healing | 1 |  | 
| Scroll of Town Portal | 1 |  | 
                5 total
  
               
              
              
» 
LiVeFoRHiM (
green | 78 APM | 3364 actions | 43:16)
              
 6 Blademaster 
 3 Wind Walk
 2 Critical Strike
 1 Bladestorm
 
                » actions 
                
                | Assign group hotkey | 12 |  | 
| Basic commands | 78 |  | 
| Build / train | 92 |  | 
| ESC pressed | 11 |  | 
| Enter build submenu | 24 |  | 
| Enter hero's abilities submenu | 6 |  | 
| Right click | 1700 |  | 
| Select / deselect | 397 |  | 
| Select group hotkey | 865 |  | 
| Use ability | 179 |  | 
                3364 total
 » units 
                
                | Peon | 25 |  | 
| Troll Batrider | 20 |  | 
| Wind Rider | 1 |  | 
| Siege Engine | 5 |  | 
| Mortar Team | 1 |  | 
                52 total
 » upgrades
                
                | Liquid Fire | 1 |  | 
| Melee Weapons | 1 |  | 
| Armor | 1 |  | 
| Reinforced Defenses | 1 |  | 
| Gunpowder | 1 |  | 
                5 total
 » buildings
                
                | Altar of Storms | 1 |  | 
| Orc Burrow | 4 |  | 
| Barracks | 1 |  | 
| War Mill | 1 |  | 
| Voodoo Lounge | 1 |  | 
| Stronghold | 1 |  | 
| Watch Tower | 6 |  | 
| Beastiary | 3 |  | 
| Fortress | 1 |  | 
| Great Hall | 1 |  | 
                20 total
 » build order
                00:04 Altar of Storms
00:18 Orc Burrow
00:37 Barracks
00:57 War Mill
01:31 Voodoo Lounge
01:46 Orc Burrow
02:54 Stronghold
03:43 Watch Tower
03:45 Watch Tower
05:33 Beastiary
05:37 Beastiary
05:58 Beastiary
06:00 Orc Burrow
06:05 Fortress
07:03 Orc Burrow
07:06 Watch Tower
29:41 Great Hall
29:44 Watch Tower
30:01 Watch Tower
33:57 Watch Tower
» items
                
                | Healing Salve | 5 |  | 
| Lesser Clarity Potion | 12 |  | 
| Scroll of Speed | 3 |  | 
| Potion of Healing | 2 |  | 
| Orb of Lightning | 1 |  | 
| Staff of Teleportation | 1 |  | 
| Boots of Speed | 1 |  | 
| Scroll of Town Portal | 1 |  | 
                26 total
  
               
              
              
» 
OSU_FAN (
pink | 33 APM | 1226 actions | 36:37)
              
 3 Archmage 
 2 Blizzard
 1 Summon Water Elemental
 
                » actions 
                
                | Assign group hotkey | 8 |  | 
| Build / train | 44 |  | 
| Enter build submenu | 17 |  | 
| Enter hero's abilities submenu | 3 |  | 
| Right click | 857 |  | 
| Select / deselect | 238 |  | 
| Select group hotkey | 17 |  | 
| Use ability | 42 |  | 
                1226 total
 » units 
                » upgrades
                
                | Plating | 3 |  | 
| Gunpowder | 2 |  | 
| Barrage | 1 |  | 
                6 total
 » buildings
                
                | Farm | 8 |  | 
| Altar of Kings | 1 |  | 
| Lumber Mill | 1 |  | 
| Keep | 1 |  | 
| Blacksmith | 1 |  | 
| Castle | 1 |  | 
| Workshop | 3 |  | 
                16 total
 » build order
                00:13 Farm
00:17 Altar of Kings
00:52 Lumber Mill
01:43 Farm
02:27 Farm
03:55 Keep
03:59 Farm
04:48 Farm
05:45 Blacksmith
06:18 Castle
07:08 Farm
07:55 Farm
08:48 Workshop
08:58 Workshop
09:02 Workshop
10:22 Farm
» items
                 
               
              
              
» 
Time4NewbSkool (
red | 103 APM | 4445 actions | 43:16)
              
 6 Tauren Chieftain 
 3 Shockwave
 2 Endurance Aura
 1 Reincarnation
 5 Far Seer 
 3 Far Sight
 2 Chain Lighting
 
                » actions 
                
                | Assign group hotkey | 32 |  | 
| Basic commands | 34 |  | 
| Build / train | 93 |  | 
| ESC pressed | 2 |  | 
| Enter build submenu | 22 |  | 
| Enter hero's abilities submenu | 11 |  | 
| Remove unit from queue | 5 |  | 
| Right click | 2380 |  | 
| Select / deselect | 365 |  | 
| Select group hotkey | 1296 |  | 
| Use ability | 205 |  | 
                4445 total
 » units 
                » upgrades
                
                | Ranged Weapons | 3 |  | 
| Burning Oil | 1 |  | 
| Armor | 3 |  | 
                7 total
 » buildings
                
                | Altar of Storms | 1 |  | 
| Orc Burrow | 5 |  | 
| Barracks | 2 |  | 
| Stronghold | 1 |  | 
| Voodoo Lounge | 3 |  | 
| War Mill | 1 |  | 
| Fortress | 1 |  | 
| Watch Tower | 8 |  | 
| Great Hall | 1 |  | 
                23 total
 » build order
                00:10 Altar of Storms
00:22 Orc Burrow
00:37 Barracks
01:51 Orc Burrow
01:54 Orc Burrow
02:12 Stronghold
02:17 Voodoo Lounge
02:42 War Mill
04:59 Barracks
05:07 Orc Burrow
05:15 Orc Burrow
07:55 Voodoo Lounge
08:50 Fortress
12:09 Watch Tower
12:12 Watch Tower
18:56 Watch Tower
21:03 Watch Tower
21:04 Watch Tower
23:39 Great Hall
23:45 Watch Tower
25:10 Watch Tower
25:31 Watch Tower
30:35 Voodoo Lounge
» items
                
                | Staff of Teleportation | 1 |  | 
| Boots of Speed | 1 |  | 
| Healing Salve | 6 |  | 
| Lesser Clarity Potion | 13 |  | 
| Scroll of Speed | 3 |  | 
| Potion of Healing | 7 |  | 
| Orb of Lightning | 2 |  | 
| Potion of Mana | 1 |  | 
| Scroll of Town Portal | 1 |  | 
                35 total
  
               team 2 (winner) 
              
              
BEAR_AND (
orange | 124 APM | 5370 actions | 43:18)
              
 6 Archmage 
 3 Blizzard
 2 Brilliance Aura
 1 Mass Teleport
 3 Mountain King 
 2 Storm Bolt
 1 Thunder Clap
 
                » actions 
                
                | Assign group hotkey | 17 |  | 
| Basic commands | 6 |  | 
| Build / train | 113 |  | 
| Enter build submenu | 72 |  | 
| Enter hero's abilities submenu | 9 |  | 
| Give item / drop item | 4 |  | 
| Remove unit from queue | 15 |  | 
| Right click | 3860 |  | 
| Select / deselect | 449 |  | 
| Select group hotkey | 630 |  | 
| Use ability | 194 |  | 
                5370 total
 » units 
                
                | Peasant | 11 |  | 
| Siege Engine | 8 |  | 
| Mortar Team | 5 |  | 
| Priest | 1 |  | 
                25 total
 » upgrades
                
                | Masonry | 3 |  | 
| Lumber Harvesting | 1 |  | 
| Gunpowder | 3 |  | 
| Plating | 2 |  | 
| Barrage | 1 |  | 
| Fragmentation Shards | 1 |  | 
| Armor | 1 |  | 
| Magic Sentry | 1 |  | 
                13 total
 » buildings
                
                | Farm | 8 |  | 
| Lumber Mill | 1 |  | 
| Altar of Kings | 3 |  | 
| Scout Tower | 50 |  | 
| Arcane Tower | 5 |  | 
| Guard Tower | 25 |  | 
| Keep | 1 |  | 
| Castle | 1 |  | 
| Blacksmith | 1 |  | 
| Workshop | 4 |  | 
| Town Hall | 2 |  | 
| Arcane Sanctum | 1 |  | 
| Arcane Vault | 2 |  | 
                104 total
 » build order
                00:27 Farm
01:04 Lumber Mill
01:24 Altar of Kings
02:12 Scout Tower
02:17 Scout Tower
02:30 Scout Tower
02:32 Scout Tower
02:41 Farm
02:43 Guard Tower
02:44 Guard Tower
03:07 Scout Tower
03:12 Guard Tower
03:13 Scout Tower
03:14 Scout Tower
03:15 Guard Tower
03:17 Scout Tower
03:52 Guard Tower
03:59 Guard Tower
04:01 Scout Tower
04:03 Scout Tower
04:11 Scout Tower
04:11 Scout Tower
04:26 Scout Tower
04:27 Scout Tower
04:31 Guard Tower
04:32 Scout Tower
04:40 Arcane Tower
04:41 Arcane Tower
04:41 Arcane Tower
05:13 Guard Tower
05:30 Arcane Tower
05:31 Scout Tower
05:32 Scout Tower
05:47 Guard Tower
05:57 Keep
05:58 Guard Tower
06:06 Guard Tower
06:30 Guard Tower
06:32 Scout Tower
06:44 Guard Tower
07:25 Guard Tower
07:29 Scout Tower
07:31 Scout Tower
07:32 Scout Tower
07:33 Scout Tower
07:34 Scout Tower
07:35 Scout Tower
07:36 Scout Tower
08:25 Guard Tower
08:43 Guard Tower
08:44 Scout Tower
08:45 Scout Tower
09:26 Castle
09:36 Blacksmith
09:37 Farm
09:39 Farm
09:39 Farm
10:03 Scout Tower
10:19 Scout Tower
10:19 Scout Tower
10:22 Guard Tower
10:26 Scout Tower
10:27 Scout Tower
11:15 Guard Tower
12:23 Workshop
12:24 Workshop
12:28 Guard Tower
12:34 Farm
12:34 Farm
12:35 Farm
13:52 Altar of Kings
13:53 Guard Tower
14:29 Scout Tower
14:30 Scout Tower
14:33 Scout Tower
14:42 Scout Tower
15:40 Guard Tower
15:49 Guard Tower
16:39 Scout Tower
16:40 Scout Tower
16:42 Scout Tower
16:43 Scout Tower
16:47 Scout Tower
16:48 Scout Tower
26:29 Town Hall
30:30 Town Hall
30:55 Altar of Kings
31:06 Workshop
31:36 Scout Tower
31:36 Scout Tower
32:14 Workshop
32:16 Arcane Sanctum
32:34 Guard Tower
32:35 Scout Tower
32:44 Guard Tower
33:58 Arcane Vault
35:19 Scout Tower
35:21 Scout Tower
36:13 Guard Tower
36:16 Scout Tower
36:17 Scout Tower
36:18 Scout Tower
39:33 Arcane Vault
» items
                
                | Healing Salve | 6 |  | 
| Scroll of Town Portal | 3 |  | 
| Staff of Teleportation | 1 |  | 
| Boots of Speed | 1 |  | 
| Potion of Invisibility | 1 |  | 
| Orb of Lightning | 1 |  | 
| Lesser Clarity Potion | 1 |  | 
| Staff of Sanctuary | 2 |  | 
                16 total
  
               
              
              
Mata. (
teal | 93 APM | 4008 actions | 43:17)
              
 6 Beastmaster 
 2 Summon Quilbeast
 3 Summon Hawk
 1 Stampede
 
                » actions 
                
                | Assign group hotkey | 354 |  | 
| Basic commands | 12 |  | 
| Build / train | 309 |  | 
| Enter build submenu | 134 |  | 
| Enter hero's abilities submenu | 6 |  | 
| Remove unit from queue | 5 |  | 
| Right click | 1598 |  | 
| Select / deselect | 862 |  | 
| Select group hotkey | 37 |  | 
| Use ability | 691 |  | 
                4008 total
 » units 
                » upgrades
                
                | Masonry | 3 |  | 
| Lumber Harvesting | 2 |  | 
| Magic Sentry | 1 |  | 
                6 total
 » buildings
                
                | Farm | 4 |  | 
| Altar of Kings | 1 |  | 
| Lumber Mill | 1 |  | 
| Scout Tower | 186 |  | 
| Arcane Tower | 16 |  | 
| Guard Tower | 221 |  | 
| Keep | 1 |  | 
| Castle | 2 |  | 
| Town Hall | 2 |  | 
| Arcane Sanctum | 1 |  | 
                435 total
 » build order
                00:33 Farm
00:51 Altar of Kings
01:16 Lumber Mill
01:20 Scout Tower
01:21 Scout Tower
01:23 Scout Tower
01:59 Scout Tower
02:00 Scout Tower
02:01 Scout Tower
02:11 Scout Tower
02:14 Farm
02:19 Farm
02:26 Arcane Tower
02:27 Arcane Tower
02:27 Arcane Tower
02:28 Guard Tower
02:28 Guard Tower
02:30 Scout Tower
02:31 Scout Tower
02:37 Guard Tower
02:38 Guard Tower
02:38 Guard Tower
02:42 Scout Tower
02:55 Guard Tower
02:55 Guard Tower
02:55 Guard Tower
05:29 Scout Tower
05:30 Scout Tower
05:31 Scout Tower
05:36 Scout Tower
05:38 Scout Tower
05:40 Scout Tower
05:41 Scout Tower
05:49 Keep
05:54 Scout Tower
05:55 Scout Tower
05:56 Scout Tower
05:57 Arcane Tower
05:57 Arcane Tower
05:57 Arcane Tower
06:00 Guard Tower
06:00 Guard Tower
06:04 Guard Tower
06:05 Guard Tower
06:05 Guard Tower
06:10 Guard Tower
06:10 Guard Tower
06:10 Guard Tower
06:15 Scout Tower
06:33 Guard Tower
06:33 Guard Tower
06:33 Guard Tower
06:34 Guard Tower
06:34 Guard Tower
06:34 Guard Tower
06:36 Guard Tower
06:36 Guard Tower
06:41 Scout Tower
06:42 Scout Tower
06:42 Scout Tower
07:08 Guard Tower
07:08 Guard Tower
07:08 Guard Tower
07:09 Guard Tower
07:09 Guard Tower
07:23 Guard Tower
07:24 Guard Tower
07:27 Guard Tower
07:27 Guard Tower
08:15 Scout Tower
08:16 Scout Tower
08:25 Scout Tower
08:27 Scout Tower
08:29 Scout Tower
08:33 Scout Tower
08:34 Guard Tower
08:34 Guard Tower
08:38 Scout Tower
08:40 Scout Tower
08:41 Scout Tower
08:46 Scout Tower
08:49 Scout Tower
08:50 Scout Tower
09:08 Scout Tower
09:09 Guard Tower
09:25 Scout Tower
09:26 Scout Tower
09:27 Guard Tower
09:27 Guard Tower
09:27 Guard Tower
09:29 Arcane Tower
09:29 Arcane Tower
09:30 Arcane Tower
09:30 Arcane Tower
09:30 Arcane Tower
09:36 Guard Tower
09:36 Guard Tower
09:40 Guard Tower
09:41 Guard Tower
10:18 Guard Tower
10:18 Guard Tower
10:31 Guard Tower
10:38 Scout Tower
10:40 Scout Tower
10:40 Scout Tower
11:04 Scout Tower
11:04 Scout Tower
11:46 Guard Tower
11:47 Scout Tower
11:48 Scout Tower
11:51 Scout Tower
11:52 Scout Tower
12:21 Scout Tower
12:23 Scout Tower
12:24 Scout Tower
12:25 Scout Tower
12:25 Scout Tower
12:25 Scout Tower
12:33 Guard Tower
12:33 Guard Tower
12:34 Scout Tower
12:35 Scout Tower
12:35 Scout Tower
12:36 Scout Tower
12:40 Scout Tower
12:43 Scout Tower
12:54 Guard Tower
12:55 Guard Tower
13:00 Guard Tower
13:00 Guard Tower
13:00 Guard Tower
13:00 Guard Tower
13:07 Guard Tower
13:07 Guard Tower
13:16 Guard Tower
13:17 Guard Tower
13:17 Guard Tower
13:17 Guard Tower
13:19 Scout Tower
13:19 Scout Tower
13:22 Guard Tower
13:23 Guard Tower
13:23 Guard Tower
13:25 Scout Tower
13:26 Scout Tower
13:56 Guard Tower
13:56 Guard Tower
14:03 Guard Tower
14:05 Scout Tower
14:06 Scout Tower
14:14 Scout Tower
14:16 Scout Tower
14:22 Guard Tower
14:25 Scout Tower
14:26 Scout Tower
14:33 Guard Tower
14:52 Guard Tower
14:52 Guard Tower
14:57 Scout Tower
15:11 Guard Tower
15:14 Scout Tower
15:16 Scout Tower
15:17 Scout Tower
15:36 Guard Tower
15:36 Guard Tower
15:37 Scout Tower
15:38 Scout Tower
15:39 Scout Tower
15:41 Guard Tower
15:42 Guard Tower
15:42 Guard Tower
15:42 Guard Tower
15:48 Scout Tower
15:50 Scout Tower
16:03 Guard Tower
16:09 Castle
16:09 Castle
16:11 Farm
16:21 Guard Tower
16:29 Guard Tower
16:30 Guard Tower
16:32 Scout Tower
16:33 Scout Tower
16:34 Scout Tower
16:42 Guard Tower
16:42 Guard Tower
17:11 Guard Tower
17:11 Guard Tower
17:38 Scout Tower
17:40 Scout Tower
17:41 Scout Tower
17:42 Scout Tower
17:44 Scout Tower
17:59 Scout Tower
18:00 Scout Tower
18:11 Guard Tower
18:11 Guard Tower
18:11 Guard Tower
18:11 Guard Tower
18:13 Scout Tower
18:14 Scout Tower
18:15 Scout Tower
18:16 Scout Tower
18:17 Scout Tower
18:33 Guard Tower
18:33 Guard Tower
18:35 Scout Tower
18:36 Scout Tower
18:36 Scout Tower
18:38 Scout Tower
18:39 Scout Tower
19:16 Guard Tower
19:16 Guard Tower
19:16 Guard Tower
19:18 Guard Tower
19:18 Guard Tower
19:20 Scout Tower
19:22 Scout Tower
19:23 Scout Tower
19:35 Guard Tower
19:35 Guard Tower
19:41 Guard Tower
19:42 Guard Tower
19:42 Guard Tower
20:04 Guard Tower
20:05 Guard Tower
20:13 Guard Tower
20:13 Guard Tower
20:14 Guard Tower
20:30 Town Hall
20:39 Scout Tower
20:41 Scout Tower
20:42 Scout Tower
20:44 Scout Tower
20:50 Scout Tower
20:51 Scout Tower
20:52 Scout Tower
20:56 Guard Tower
20:56 Guard Tower
21:09 Scout Tower
21:10 Scout Tower
21:10 Scout Tower
21:10 Scout Tower
21:24 Guard Tower
21:24 Guard Tower
21:25 Guard Tower
21:27 Scout Tower
21:27 Scout Tower
21:28 Scout Tower
21:33 Scout Tower
21:34 Scout Tower
21:35 Scout Tower
21:35 Scout Tower
22:23 Guard Tower
22:26 Scout Tower
22:27 Scout Tower
22:28 Scout Tower
22:29 Scout Tower
22:30 Scout Tower
22:36 Scout Tower
22:37 Scout Tower
22:38 Scout Tower
22:40 Scout Tower
23:06 Guard Tower
23:06 Guard Tower
23:06 Guard Tower
23:08 Guard Tower
23:08 Guard Tower
23:39 Guard Tower
23:39 Guard Tower
23:40 Scout Tower
23:41 Scout Tower
23:41 Scout Tower
23:42 Scout Tower
23:43 Scout Tower
23:53 Scout Tower
23:54 Scout Tower
23:56 Guard Tower
23:56 Guard Tower
23:58 Scout Tower
24:00 Scout Tower
24:01 Scout Tower
24:02 Scout Tower
24:18 Guard Tower
24:18 Guard Tower
24:22 Scout Tower
24:28 Scout Tower
24:29 Scout Tower
25:14 Scout Tower
25:14 Scout Tower
25:15 Scout Tower
25:16 Scout Tower
25:16 Scout Tower
25:26 Scout Tower
25:27 Scout Tower
25:30 Guard Tower
25:47 Guard Tower
25:49 Scout Tower
25:50 Scout Tower
25:51 Scout Tower
26:40 Guard Tower
26:48 Guard Tower
26:48 Guard Tower
26:49 Guard Tower
26:58 Scout Tower
26:59 Scout Tower
26:59 Scout Tower
27:16 Scout Tower
27:18 Scout Tower
27:21 Scout Tower
27:22 Scout Tower
27:23 Scout Tower
27:30 Scout Tower
29:40 Arcane Sanctum
29:45 Scout Tower
29:52 Scout Tower
30:40 Guard Tower
30:41 Guard Tower
30:41 Guard Tower
30:41 Guard Tower
30:49 Guard Tower
30:49 Guard Tower
30:56 Scout Tower
30:57 Scout Tower
31:17 Scout Tower
31:18 Scout Tower
31:18 Scout Tower
31:50 Scout Tower
31:51 Scout Tower
31:51 Scout Tower
31:52 Guard Tower
31:53 Guard Tower
32:24 Guard Tower
32:24 Guard Tower
32:46 Guard Tower
32:46 Guard Tower
32:50 Guard Tower
32:51 Guard Tower
33:02 Scout Tower
33:06 Scout Tower
33:07 Scout Tower
33:11 Scout Tower
33:13 Scout Tower
33:13 Scout Tower
33:23 Scout Tower
33:25 Scout Tower
33:46 Town Hall
34:51 Guard Tower
35:05 Scout Tower
35:07 Scout Tower
35:08 Scout Tower
36:52 Guard Tower
36:52 Guard Tower
37:08 Scout Tower
37:10 Scout Tower
37:48 Guard Tower
37:49 Guard Tower
37:49 Guard Tower
» items
                
                | Healing Salve | 3 |  | 
| Lesser Clarity Potion | 1 |  | 
| Potion of Mana | 1 |  | 
| Orb of Lightning | 1 |  | 
| Potion of Healing | 1 |  | 
| Scroll of Town Portal | 1 |  | 
                8 total
  
               
              
              
» 
TALONSAREIMBA (
blue | 71 APM | 3084 actions | 43:17)
              
 8 Warden 
 3 Shadow Strike
 3 Blink
 1 Spirit of Vengeance
 1 Fan of Knives
 
                » actions 
                
                | Assign group hotkey | 2 |  | 
| Basic commands | 2 |  | 
| Build / train | 55 |  | 
| ESC pressed | 3 |  | 
| Enter build submenu | 12 |  | 
| Enter hero's abilities submenu | 9 |  | 
| Right click | 2418 |  | 
| Select / deselect | 420 |  | 
| Select group hotkey | 23 |  | 
| Use ability | 140 |  | 
                3084 total
 » units 
                » buildings
                
                | Altar of Elders | 1 |  | 
| Moon Well | 2 |  | 
| Hunter's Hall | 1 |  | 
| Ancient Protector | 6 |  | 
| Tree of Life | 2 |  | 
| Tree of Ages | 1 |  | 
                13 total
 » build order
                00:05 Altar of Elders
00:07 Moon Well
08:51 Hunter's Hall
09:58 Ancient Protector
10:00 Ancient Protector
10:07 Ancient Protector
10:11 Ancient Protector
10:14 Ancient Protector
12:21 Moon Well
24:31 Tree of Life
24:42 Tree of Life
31:02 Tree of Ages
38:29 Ancient Protector
» items
                
                | Lesser Clarity Potion | 4 |  | 
| Scroll of Speed | 3 |  | 
| Potion of Healing | 5 |  | 
| Potion of Mana | 1 |  | 
| Healing Salve | 1 |  | 
| Orb of Lightning | 1 |  | 
| Boots of Speed | 1 |  | 
| Scroll of Town Portal | 1 |  | 
| Scroll of Regeneration | 1 |  | 
                18 total
  
               
              
              
» 
TIMG4STRok (
yellow | 94 APM | 4069 actions | 43:17)
              
 6 Blademaster 
 3 Wind Walk
 2 Critical Strike
 1 Bladestorm
 5 Pandaren Brewmaster 
 3 Breath of Fire
 2 Drunken Brawler
 
                » actions 
                
                | Assign group hotkey | 38 |  | 
| Basic commands | 70 |  | 
| Build / train | 124 |  | 
| ESC pressed | 1 |  | 
| Enter build submenu | 31 |  | 
| Enter hero's abilities submenu | 11 |  | 
| Give item / drop item | 11 |  | 
| Right click | 2203 |  | 
| Select / deselect | 280 |  | 
| Select group hotkey | 993 |  | 
| Use ability | 307 |  | 
                4069 total
 » units 
                » upgrades
                
                | Ranged Weapons | 3 |  | 
| Armor | 3 |  | 
| Liquid Fire | 1 |  | 
| Melee Weapons | 2 |  | 
| Pillage | 1 |  | 
| Ensnare | 1 |  | 
| Envenomed Spears | 1 |  | 
| Reinforced Defenses | 1 |  | 
                13 total
 » buildings
                
                | Altar of Storms | 2 |  | 
| Orc Burrow | 5 |  | 
| Voodoo Lounge | 6 |  | 
| Stronghold | 1 |  | 
| Beastiary | 5 |  | 
| War Mill | 1 |  | 
| Fortress | 1 |  | 
| Watch Tower | 8 |  | 
| Great Hall | 3 |  | 
                32 total
 » build order
                00:10 Altar of Storms
00:12 Orc Burrow
02:05 Voodoo Lounge
02:33 Stronghold
04:06 Voodoo Lounge
04:12 Voodoo Lounge
04:28 Orc Burrow
05:02 Beastiary
05:39 Beastiary
05:45 Orc Burrow
05:47 War Mill
06:01 Orc Burrow
06:07 Beastiary
06:59 Fortress
07:39 Orc Burrow
09:02 Voodoo Lounge
10:00 Watch Tower
10:01 Watch Tower
10:04 Watch Tower
10:05 Watch Tower
10:53 Great Hall
18:51 Watch Tower
19:02 Beastiary
20:05 Watch Tower
20:05 Watch Tower
20:06 Watch Tower
20:58 Great Hall
22:16 Voodoo Lounge
24:28 Voodoo Lounge
25:49 Beastiary
26:42 Great Hall
38:25 Altar of Storms
» items
                
                | Boots of Speed | 2 |  | 
| Staff of Teleportation | 2 |  | 
| Dust of Appearance | 1 |  | 
| Lesser Clarity Potion | 5 |  | 
| Healing Salve | 5 |  | 
| Orb of Lightning | 2 |  | 
| Potion of Healing | 4 |  | 
| Potion of Mana | 3 |  | 
| Staff of Sanctuary | 1 |  | 
                25 total
  
                Chat log
          
(02:55 / Allies) TALONSAREIMBA: lol
(02:56 / Allies) TALONSAREIMBA: wtf
(12:10 / Allies) BEAR_AND: blue
(12:11 / Allies) BEAR_AND: lumber
(20:18 / Allies) TIMG4STRok: towers
(32:22 / All) TIMG4STRok: this aint dota lOL
(32:34 / All) LiVeFoRHiM: well u should stick to it
(32:38 / All) TALONSAREIMBA: nice
(32:39 / All) TIMG4STRok: lmfao
(32:41 / All) TIMG4STRok: 1v1?
(32:44 / All) LiVeFoRHiM: k
(36:43 / All) Mata.: gg dusty
(36:43 / All) BEAR_AND: ty for free win
(36:44 / All) TIMG4STRok: buh bye
(38:42 / All) BEAR_AND: ty
(38:46 / All) TIMG4STRok: geeg
(39:53 / All) DSTYMETCALF: big suprise mass towers wins on slalom
(39:59 / All) Mata.: big surprise noob gets owned
(40:23 / All) DSTYMETCALF: ya talk shit after u win using imba towers
(40:26 / All) BEAR_AND: LMAO
(40:26 / All) TIMG4STRok: 1v1?
(40:28 / All) DSTYMETCALF: real bad ass
(40:29 / All) Mata.: you lose to towers like a noob
(40:29 / All) BEAR_AND: towers nerfed sorry
(40:39 / All) DSTYMETCALF: tower dint get nerfed dumbass
(40:45 / All) TIMG4STRok: repair rate
(40:47 / All) TIMG4STRok: are you retarded
(40:48 / All) DSTYMETCALF: there repair rate got nerfed
(40:50 / All) Mata.: hmmm can't even kill buildings? imagine what would happen if we built units
(40:51 / All) DSTYMETCALF: ...
(40:56 / All) TALONSAREIMBA: didn't u go
(40:57 / All) DSTYMETCALF: ud lose
(40:59 / All) TALONSAREIMBA: 2x aoe
(41:00 / All) TIMG4STRok: 1v1?
(41:01 / All) BEAR_AND: nexty game i make units dusty
(41:02 / All) TALONSAREIMBA: with imba shcokwave
(41:02 / All) DSTYMETCALF: cuz all u can do is build towers
(41:06 / All) BEAR_AND: and u gonna cry
(41:07 / All) TIMG4STRok: 1v1?
(41:09 / All) BEAR_AND: even more
(41:14 / All) TIMG4STRok: 1v1?
(41:14 / All) BEAR_AND: sweet tankfeed
(41:15 / All) DSTYMETCALF: u say 1v1 all the time then u ban and dodge
(41:18 / All) DSTYMETCALF: wats the point>?
(41:28 / All) BEAR_AND: we never banned a single folk
(42:13 / All) TALONSAREIMBA: holy shit
(42:15 / All) BEAR_AND: bye
(42:18 / All) BEAR_AND: vbaddusty
(42:31 / All) Mata.: cya dusty
(42:37 / All) BEAR_AND: wow thanks for tanks
(42:37 / All) TIMG4STRok: LOL
(42:41 / All) TIMG4STRok: dusty roads
(42:42 / All) BEAR_AND: lmfao lorml
(42:43 / All) TIMG4STRok: boys